Detroit Red Wings vs Pittsburgh Penguins
Created - Wednesday, September 18, 2024 at 07:26
Goals
|
| Detroit Red Wings |
1 |
2 |
1 |
4 |
| Pittsburgh Penguins |
0 |
0 |
2 |
2 |
|
Shots
|
| Detroit Red Wings |
14 |
12 |
1 |
27 |
| Pittsburgh Penguins |
10 |
10 |
11 |
31 |
|
1st period
1. Detroit Red Wings , Matthew Boldy 14 (Mika Zibanejad 20) at 16:20
Penalties :
Blake Coleman (PIT) for Hooking (Minor) at 3:21, Mattias Ekholm (PIT) for Roughing (Minor) at 3:50, Mark Giordano (PIT) for Interference (Minor) at 19:10
2nd period
2. Detroit Red Wings , Zachary Werenski 4 (Christian Fischer 3) at 6:32
3. Detroit Red Wings , Mika Zibanejad 15 (Carter Verhaeghe 22, Matthew Boldy 15) at 15:49 (PP)
Penalties :
Mika Zibanejad (DET) for Interference (Minor) at 13:14, Dylan Guenther (PIT) for Tripping (Minor) at 15:32, Sam Reinhart (PIT) for Tripping (Minor) at 19:37
3rd period
4. Pittsburgh Penguins , Jean-Gabriel Pageau 7 (Leon Draisaitl 15, Erik Gudbranson 5) at 0:08 (SH)
5. Pittsburgh Penguins , Phillip Danault 13 (Leon Draisaitl 16, Erik Gudbranson 6) at 11:45
6. Detroit Red Wings , Steven Stamkos 13 (Patrick Kane 17) at 14:05 (PP)
Penalties :
Matthew Boldy (DET) for Slashing (Minor) at 6:07, Blake Coleman (PIT) for High sticking (Minor) at 14:02
Goalie Stats
Laurent Brossoit (DET), 29 saves from 31 shots - (0.935), W, 8-4-1, 60:00 minutes
Jordan Binnington (PIT), 23 saves from 27 shots - (0.852), L, 12-4-1, 60:00 minutes
Players Stats for Detroit Red Wings
Player Name G A P +/- PIM S H SB GA TA FO MP PP MP PK MP
------------------------------------------------------------------------------------
Brendan Gallagher 0 0 0 0 0 1 0 0 0 0 0/0 8:06 0:00 0:00
Carter Verhaeghe 0 1 1 1 0 3 2 0 1 0 1/1 17:07 3:22 0:00
Christian Fischer 0 1 1 1 0 1 0 1 0 0 0/0 12:04 0:00 0:00
Daniel Sprong 0 0 0 1 0 2 1 0 1 0 0/0 13:06 0:00 0:29
Jackson LaCombe 0 0 0 0 0 0 0 1 0 0 0/0 13:04 0:00 2:20
Jared McCann 0 0 0 -2 0 1 3 1 0 1 1/2 20:26 3:24 2:02
Keegan Kolesar 0 0 0 0 0 0 2 0 0 0 0/1 8:59 0:00 1:27
Kevin Shattenkirk 0 0 0 -1 0 0 1 1 0 1 0/0 13:47 3:23 0:00
Kevin Stenlund 0 0 0 0 0 0 0 1 0 1 3/4 9:28 0:00 1:44
MacKenzie Weegar 0 0 0 0 0 1 1 1 0 0 0/0 26:22 3:23 2:20
Matthew Boldy 1 1 2 1 2 3 0 1 0 0 0/0 17:30 3:22 0:00
Mika Zibanejad 1 1 2 1 2 7 4 0 0 0 12/22 18:47 3:22 1:00
Patrick Kane 0 1 1 -2 0 2 0 0 0 1 0/1 18:24 3:24 0:00
Raphael Lavoie 0 0 0 1 0 0 1 0 0 0 0/2 12:25 0:00 0:21
Shayne Gostisbehere 0 0 0 0 0 0 1 0 0 1 0/0 21:37 3:23 0:00
Steven Stamkos 1 0 1 -2 0 5 2 1 1 0 14/24 19:38 3:24 0:53
Zach Bogosian 0 0 0 1 0 0 2 0 0 2 0/0 19:51 0:00 1:38
Zachary Werenski 1 0 1 0 0 1 2 1 0 0 0/0 25:19 3:23 1:38
Players Stats for Pittsburgh Penguins
Player Name G A P +/- PIM S H SB GA TA FO MP PP MP PK MP
------------------------------------------------------------------------------------
Blake Coleman 0 0 0 1 4 1 1 1 0 0 1/1 14:48 2:03 0:18
Brian Dumoulin 0 0 0 -1 0 0 0 0 0 0 0/0 16:09 0:00 1:02
Brock Faber 0 0 0 2 0 3 0 3 0 0 0/0 23:02 2:18 3:35
Dylan Guenther 0 0 0 0 2 1 2 0 0 1 1/2 12:07 0:00 0:15
Erik Gudbranson 0 2 2 2 0 0 0 2 0 0 0/0 23:44 2:18 3:26
Erik Karlsson 0 0 0 -1 0 2 0 0 0 1 0/0 21:09 1:40 3:20
Gabriel Vilardi 0 0 0 -2 0 5 0 1 0 0 3/7 8:37 0:00 0:00
Jake Neighbours 0 0 0 -2 0 1 0 0 0 0 0/0 9:05 0:00 0:00
James van Riemsdyk 0 0 0 -2 0 0 2 0 0 0 0/0 8:34 0:00 0:00
Jean-Gabriel Pageau 1 0 1 1 0 1 1 0 0 0 5/7 12:42 0:00 0:48
Jordan Eberle 0 0 0 0 0 1 1 0 0 0 0/0 11:42 0:00 0:00
Leon Draisaitl 0 2 2 1 0 2 2 0 0 1 7/18 20:21 1:55 3:21
Mark Giordano 0 0 0 -1 2 2 0 0 0 0 0/0 16:04 0:00 0:01
Mattias Ekholm 0 0 0 -1 2 0 2 0 1 0 0/0 20:27 1:40 2:07
Mitchell Marner 0 0 0 1 0 1 1 0 2 0 1/3 18:29 2:03 2:42
Pavel Buchnevich 0 0 0 0 0 4 1 0 0 0 0/3 20:45 1:55 2:42
Phillip Danault 1 0 1 1 0 5 0 0 0 0 8/15 14:32 2:03 0:00
Sam Reinhart 0 0 0 0 2 2 0 0 4 0 0/1 19:21 1:55 1:56
3 Stars
1 - Mika Zibanejad (DET)
2 - Matthew Boldy (DET)
3 - Zachary Werenski (DET)
Power Play
Detroit Red Wings - 2 on 6 Attempt(s) - 33.33%
Pittsburgh Penguins - 0 on 2 Attempt(s) - 0.00%
Penalty Kill
Detroit Red Wings - 2 on 2 Attempt(s) - 100.00%
- Score 0 goal in Penalty Kill
Pittsburgh Penguins - 4 on 6 Attempt(s) - 66.67%
- Score 1 goal in Penalty Kill
Team Stat
Detroit Red Wings - Hits : 22 - Faceoff Wins : 31 - Blocked Shots : 9 - Penalty Minutes : 4
Pittsburgh Penguins - Hits : 13 - Faceoff Wins : 26 - Blocked Shots : 7 - Penalty Minutes : 12
Official
Referees : Unknown
Linesman : Unknown
Game Notes
No Game Note
Finance
Level 1 -- Attendance: 4561 (76.02%) -- Ticket Income $456,100
Level 2 -- Attendance: 3898 (77.96%) -- Ticket Income $233,880
Level 3 -- Attendance: 2192 (73.07%) -- Ticket Income $76,720
Level 4 -- Attendance: 3500 (70.00%) -- Ticket Income $87,500
Luxury Box -- Attendance: 854 (85.40%) -- Ticket Income $170,800
Game was played at the Consol Energy Center.
Total Attendance: 15005 (75.03%)
Total Ticket Income: $1,025,000
Other Income: $358,750
Total Income: $1,383,750
Detroit Red Wings
5 vs 5 Forward
Center Left Wing Right Wing Time % Phy DF OF
1 Steven Stamkos Jared McCann Patrick Kane 35 1 2 2
2 Mika Zibanejad Carter Verhaeghe Matthew Boldy 35 1 1 3
3 Raphael Lavoie Daniel Sprong Christian Fischer 20 1 2 2
4 Kevin Stenlund Brendan Gallagher Keegan Kolesar 10 2 2 1
5 vs 5 Defense
Defense Defense Time % Phy DF OF
1 Zachary Werenski MacKenzie Weegar 40 1 2 2
2 Zach Bogosian Shayne Gostisbehere 30 1 2 2
3 Jackson LaCombe Kevin Shattenkirk 20 3 1 1
4 Zachary Werenski MacKenzie Weegar 10 1 2 2
PowerPlay Forward
Center Left Wing Right Wing Time % Phy DF OF
1 Steven Stamkos Jared McCann Patrick Kane 50 0 1 4
2 Mika Zibanejad Carter Verhaeghe Matthew Boldy 50 0 1 4
PowerPlay Defense
Defense Defense Time % Phy DF OF
1 Zachary Werenski MacKenzie Weegar 50 1 2 2
2 Shayne Gostisbehere Kevin Shattenkirk 50 1 2 2
Penalty Kill 4 Players Forward
Center Wing Time % Phy DF OF
1 Mika Zibanejad Jared McCann 50 2 2 1
2 Kevin Stenlund Keegan Kolesar 50 2 2 1
Penalty Kill 4 Players Defense
Defense Defense Time % Phy DF OF
1 Jackson LaCombe MacKenzie Weegar 50 2 2 1
2 Zachary Werenski Zach Bogosian 50 2 2 1
Penalty Kill - 3 Players Forward
Forward Time % Phy DF OF
1 Mika Zibanejad 50 1 2 2
2 Steven Stamkos 50 1 2 2
Penalty Kill - 3 Players Defense
Defense Defense Time % Phy DF OF
1 Jackson LaCombe MacKenzie Weegar 50 1 2 2
2 Zachary Werenski Zach Bogosian 50 2 2 1
4 vs 4 Forward
Center Wing Time % Phy DF OF
1 Mika Zibanejad Carter Verhaeghe 60 1 2 2
2 Steven Stamkos Matthew Boldy 40 1 1 3
4 vs 4 Defense
Defense Defense Time % Phy DF OF
1 Zachary Werenski MacKenzie Weegar 60 1 2 2
2 Zach Bogosian Shayne Gostisbehere 40 1 2 2
Last Minutes Offensive
Center Left Wing Right Wing Defense Defense
Mika Zibanejad Carter Verhaeghe Matthew Boldy Zachary Werenski MacKenzie Weegar
Last Minutes Defensive
Center Left Wing Right Wing Defense Defense
Mika Zibanejad Carter Verhaeghe Matthew Boldy Zachary Werenski MacKenzie Weegar
Goaltenders
Starting : Laurent Brossoit
Backup : Calvin Pickard
Extra Forwards
Normal : Daniel Sprong, Christian Fischer, Raphael Lavoie - PP : Daniel Sprong, Christian Fischer - PK : Steven Stamkos
Extra Defensemen
Normal : Kevin Shattenkirk, Shayne Gostisbehere, Zachary Werenski - PP : Kevin Shattenkirk - PK : Kevin Shattenkirk, Jackson LaCombe
Penalty Shots
Mika Zibanejad, Steven Stamkos, Matthew Boldy, Carter Verhaeghe, Jared McCann
Scratches
Alexander Barabanov (Healthy), Philippe Myers (Healthy), Vitek Vanecek (Healthy)
Pittsburgh Penguins
5 vs 5 Forward
Center Left Wing Right Wing Time % Phy DF OF
1 Leon Draisaitl Pavel Buchnevich Sam Reinhart 30 1 2 2
2 Phillip Danault Blake Coleman Mitchell Marner 30 1 2 2
3 Jean-Gabriel Pageau Dylan Guenther Jordan Eberle 25 1 2 2
4 Gabriel Vilardi Jake Neighbours James van Riemsdyk 15 1 2 2
5 vs 5 Defense
Defense Defense Time % Phy DF OF
1 Mattias Ekholm Erik Karlsson 35 1 2 2
2 Erik Gudbranson Brock Faber 35 1 2 2
3 Mark Giordano Brian Dumoulin 30 1 2 2
4 Mattias Ekholm Erik Karlsson 0 1 2 2
PowerPlay Forward
Center Left Wing Right Wing Time % Phy DF OF
1 Leon Draisaitl Pavel Buchnevich Sam Reinhart 50 1 2 2
2 Phillip Danault Blake Coleman Mitchell Marner 50 1 2 2
PowerPlay Defense
Defense Defense Time % Phy DF OF
1 Mattias Ekholm Erik Karlsson 50 1 2 2
2 Erik Gudbranson Brock Faber 50 1 2 2
Penalty Kill 4 Players Forward
Center Wing Time % Phy DF OF
1 Leon Draisaitl Sam Reinhart 50 1 2 2
2 Mitchell Marner Pavel Buchnevich 50 1 2 2
Penalty Kill 4 Players Defense
Defense Defense Time % Phy DF OF
1 Mattias Ekholm Erik Karlsson 50 1 2 2
2 Erik Gudbranson Brock Faber 50 1 2 2
Penalty Kill - 3 Players Forward
Forward Time % Phy DF OF
1 Leon Draisaitl 50 1 2 2
2 Sam Reinhart 50 1 2 2
Penalty Kill - 3 Players Defense
Defense Defense Time % Phy DF OF
1 Mattias Ekholm Erik Karlsson 50 1 2 2
2 Erik Gudbranson Brock Faber 50 1 2 2
4 vs 4 Forward
Center Wing Time % Phy DF OF
1 Leon Draisaitl Sam Reinhart 50 1 2 2
2 Mitchell Marner Pavel Buchnevich 50 1 2 2
4 vs 4 Defense
Defense Defense Time % Phy DF OF
1 Mattias Ekholm Erik Karlsson 50 1 2 2
2 Erik Gudbranson Brock Faber 50 1 2 2
Last Minutes Offensive
Center Left Wing Right Wing Defense Defense
Leon Draisaitl Pavel Buchnevich Sam Reinhart Mattias Ekholm Erik Karlsson
Last Minutes Defensive
Center Left Wing Right Wing Defense Defense
Leon Draisaitl Pavel Buchnevich Sam Reinhart Mattias Ekholm Erik Karlsson
Goaltenders
Starting : Jordan Binnington
Backup : Marc-Andre Fleury
Extra Forwards
Normal : Jake Neighbours, Jordan Eberle, Jean-Gabriel Pageau - PP : Jake Neighbours, Jordan Eberle - PK : Jean-Gabriel Pageau
Extra Defensemen
Normal : Mark Giordano, Brian Dumoulin, Erik Gudbranson - PP : Mark Giordano - PK : Brian Dumoulin, Erik Gudbranson
Penalty Shots
Leon Draisaitl, Sam Reinhart, Mitchell Marner, Pavel Buchnevich, Blake Coleman
Scratches
None
% Time on Ice - Detroit Red Wings
Lines # - Real PCT - Wanted PCT - Time Play
Normal Forward
1 - 33% - 35% - 16:15
2 - 28% - 35% - 13:47
3 - 24% - 20% - 11:42
4 - 15% - 10% - 7:32
Normal Defense
1 - 38% - 40% - 18:46
2 - 37% - 30% - 18:14
3 - 21% - 20% - 10:23
4 - 4% - 10% - 1:53
PP Forward
1 - 50% - 50% - 3:24
2 - 50% - 50% - 3:22
PP Defense
1 - 50% - 50% - 3:23
2 - 50% - 50% - 3:23
PK Forward
1 - 61% - 50% - 2:24
2 - 39% - 50% - 1:34
PK Defense
1 - 59% - 50% - 2:20
2 - 41% - 50% - 1:38
PK3 Forward
1 - 0% - 50%
2 - 0% - 50%
PK3 Defense
1 - 0% - 50%
2 - 0% - 50%
44 Forward
1 - 0% - 60%
2 - 0% - 40%
44 Defense
1 - 0% - 60%
2 - 0% - 40%
Last Minute Offensive - 0:00
Last Minute Defensive - 0:00
Total
Forward - 60:00
Defense - 60:00
|
% Time on Ice - Pittsburgh Penguins
Lines # - Real PCT - Wanted PCT - Time Play
Normal Forward
1 - 32% - 30% - 15:48
2 - 27% - 30% - 13:32
3 - 23% - 25% - 11:22
4 - 17% - 15% - 8:34
Normal Defense
1 - 35% - 35% - 17:00
2 - 35% - 35% - 17:09
3 - 31% - 30% - 15:07
4 - 0% - 0% - 0:00
PP Forward
1 - 48% - 50% - 1:55
2 - 52% - 50% - 2:03
PP Defense
1 - 42% - 50% - 1:40
2 - 58% - 50% - 2:18
PK Forward
1 - 49% - 50% - 2:34
2 - 51% - 50% - 2:42
PK Defense
1 - 50% - 50% - 2:37
2 - 50% - 50% - 2:39
PK3 Forward
1 - 52% - 50% - 0:47
2 - 48% - 50% - 0:43
PK3 Defense
1 - 49% - 50% - 0:44
2 - 51% - 50% - 0:46
44 Forward
1 - 0% - 50%
2 - 0% - 50%
44 Defense
1 - 0% - 50%
2 - 0% - 50%
Last Minute Offensive - 0:00
Last Minute Defensive - 0:00
Total
Forward - 60:00
Defense - 60:00
|
Play-by-Play
1st period
0:01 of 1st period - Steven Stamkos wins face-off versus Leon Draisaitl in neutral zone.
0:12 of 1st period - Slapshot by Steven Stamkos.
0:12 of 1st period - Stopped by Jordan Binnington with a rebound.
0:33 of 1st period - MacKenzie Weegar is hit by Blake Coleman and loses puck.
1:10 of 1st period - Snap shot by Gabriel Vilardi.
1:10 of 1st period - Deflect By Jake Neighbours.
1:10 of 1st period - Stopped by Laurent Brossoit with a rebound.
1:12 of 1st period - Snap shot by Mark Giordano.
1:12 of 1st period - Shot Blocked by Kevin Stenlund.
1:16 of 1st period - Slapshot by Gabriel Vilardi.
1:16 of 1st period - Shot Misses the Net.
1:18 of 1st period - Slapshot by James van Riemsdyk.
1:18 of 1st period - Deflect By Gabriel Vilardi.
1:18 of 1st period - Shot Misses the Net.
1:18 of 1st period - Puck is out of play.
1:19 of 1st period - Mika Zibanejad wins face-off versus Pavel Buchnevich in Detroit Red Wings zone.
1:34 of 1st period - Mark Giordano is hit by Carter Verhaeghe.
1:35 of 1st period - Icing by Mark Giordano.
1:36 of 1st period - Steven Stamkos wins face-off versus Leon Draisaitl in Pittsburgh Penguins zone.
1:39 of 1st period - Wrist shot by Steven Stamkos.
1:39 of 1st period - Stopped by Jordan Binnington with a rebound.
3:14 of 1st period - Slapshot by Brendan Gallagher.
3:14 of 1st period - Shot Blocked by Erik Gudbranson.
3:16 of 1st period - Slapshot by Zach Bogosian.
3:16 of 1st period - Deflect By Brendan Gallagher.
3:16 of 1st period - Shot Misses the Net.
3:16 of 1st period - Puck is out of play.
3:17 of 1st period - Steven Stamkos wins face-off versus Phillip Danault in Pittsburgh Penguins zone.
3:21 of 1st period - Minor Penalty to Blake Coleman for Hooking.
3:22 of 1st period - Leon Draisaitl wins face-off versus Jared McCann in Pittsburgh Penguins zone.
3:22 of 1st period - Leon Draisaitl is hit by Steven Stamkos.
3:28 of 1st period - Icing by Steven Stamkos.
3:29 of 1st period - Steven Stamkos wins face-off versus Mitchell Marner in Detroit Red Wings zone.
3:50 of 1st period - Minor Penalty to Mattias Ekholm for Roughing.
3:51 of 1st period - Carter Verhaeghe wins face-off versus Leon Draisaitl in Pittsburgh Penguins zone.
4:18 of 1st period - Sam Reinhart is hit by Kevin Shattenkirk and loses puck.
5:21 of 1st period - Penalty to Blake Coleman is over, Blake Coleman is back on ice.
5:50 of 1st period - Penalty to Mattias Ekholm is over, Mattias Ekholm is back on ice.
6:12 of 1st period - Wrist shot by Pavel Buchnevich.
6:12 of 1st period - Shot Blocked by Zachary Werenski.
6:34 of 1st period - Jackson LaCombe is hit by Jean-Gabriel Pageau and loses puck.
7:45 of 1st period - Icing by Sam Reinhart.
7:46 of 1st period - Steven Stamkos wins face-off versus Leon Draisaitl in Pittsburgh Penguins zone.
7:49 of 1st period - Wrist shot by Matthew Boldy.
7:49 of 1st period - Stopped by Jordan Binnington with a rebound.
7:51 of 1st period - Wrist shot by Mika Zibanejad.
7:51 of 1st period - Stopped by Jordan Binnington without a rebound.
7:52 of 1st period - Jean-Gabriel Pageau wins face-off versus Mika Zibanejad in Pittsburgh Penguins zone.
7:52 of 1st period - Jean-Gabriel Pageau is hit by Mika Zibanejad.
8:50 of 1st period - Snap shot by Mitchell Marner.
8:50 of 1st period - Deflect By Shayne Gostisbehere.
8:50 of 1st period - Shot Misses the Net.
8:50 of 1st period - Puck is out of play.
8:51 of 1st period - Steven Stamkos wins face-off versus Jean-Gabriel Pageau in Detroit Red Wings zone.
8:51 of 1st period - Steven Stamkos is hit by Dylan Guenther.
9:05 of 1st period - Snap shot by Patrick Kane.
9:05 of 1st period - Shot Misses the Net.
9:07 of 1st period - Slapshot by MacKenzie Weegar.
9:07 of 1st period - Stopped by Jordan Binnington with a rebound.
9:17 of 1st period - Carter Verhaeghe is hit by Mitchell Marner.
9:45 of 1st period - Wrist shot by Leon Draisaitl.
9:45 of 1st period - Shot Blocked by Jackson LaCombe.
9:47 of 1st period - Slapshot by Mark Giordano.
9:47 of 1st period - Stopped by Laurent Brossoit with a rebound.
9:49 of 1st period - Slapshot by Mark Giordano.
9:49 of 1st period - Deflect By Sam Reinhart.
9:49 of 1st period - Stopped by Laurent Brossoit with a rebound.
9:51 of 1st period - Slapshot by Mark Giordano.
9:51 of 1st period - Stopped by Laurent Brossoit with a rebound.
10:03 of 1st period - Wrist shot by Steven Stamkos.
10:03 of 1st period - Stopped by Jordan Binnington with a rebound.
10:11 of 1st period - Snap shot by Patrick Kane.
10:11 of 1st period - Stopped by Jordan Binnington without a rebound.
10:12 of 1st period - Mika Zibanejad wins face-off versus Phillip Danault in Pittsburgh Penguins zone.
11:20 of 1st period - Raphael Lavoie is hit by Mattias Ekholm and loses puck.
12:15 of 1st period - Snap shot by Phillip Danault.
12:15 of 1st period - Stopped by Laurent Brossoit with a rebound.
12:21 of 1st period - Snap shot by Daniel Sprong.
12:21 of 1st period - Deflect By Christian Fischer.
12:21 of 1st period - Shot Misses the Net.
12:21 of 1st period - Puck is out of play.
12:22 of 1st period - Steven Stamkos wins face-off versus Leon Draisaitl in Pittsburgh Penguins zone.
12:50 of 1st period - Snap shot by Jordan Eberle.
12:50 of 1st period - Shot Misses the Net.
12:52 of 1st period - Snap shot by Jordan Eberle.
12:52 of 1st period - Stopped by Laurent Brossoit without a rebound.
12:53 of 1st period - Jean-Gabriel Pageau wins face-off versus Mika Zibanejad in Detroit Red Wings zone.
13:02 of 1st period - Slapshot by Dylan Guenther.
13:02 of 1st period - Stopped by Laurent Brossoit without a rebound.
13:03 of 1st period - Mika Zibanejad wins face-off versus Leon Draisaitl in Detroit Red Wings zone.
13:10 of 1st period - Snap shot by Carter Verhaeghe.
13:10 of 1st period - Stopped by Jordan Binnington with a rebound.
13:22 of 1st period - Slapshot by Matthew Boldy.
13:22 of 1st period - Stopped by Jordan Binnington with a rebound.
14:22 of 1st period - Wrist shot by Patrick Kane.
14:22 of 1st period - Shot Blocked by Blake Coleman.
14:24 of 1st period - Snap shot by Jared McCann.
14:24 of 1st period - Shot Misses the Net.
14:26 of 1st period - Snap shot by Jared McCann.
14:26 of 1st period - Deflect By Steven Stamkos.
14:26 of 1st period - Stopped by Jordan Binnington without a rebound.
14:27 of 1st period - Steven Stamkos wins face-off versus Leon Draisaitl in Pittsburgh Penguins zone.
14:36 of 1st period - Snap shot by Patrick Kane.
14:36 of 1st period - Stopped by Jordan Binnington with a rebound.
14:38 of 1st period - Wrist shot by Jared McCann.
14:38 of 1st period - Stopped by Jordan Binnington with a rebound.
14:40 of 1st period - Slapshot by Jared McCann.
14:40 of 1st period - Shot Misses the Net.
14:50 of 1st period - Wrist shot by Matthew Boldy.
14:50 of 1st period - Deflect By Mika Zibanejad.
14:50 of 1st period - Stopped by Jordan Binnington without a rebound.
14:51 of 1st period - Gabriel Vilardi wins face-off versus Mika Zibanejad in Pittsburgh Penguins zone.
14:51 of 1st period - Gabriel Vilardi is hit by MacKenzie Weegar.
16:05 of 1st period - Wrist shot by Brendan Gallagher.
16:05 of 1st period - Shot Misses the Net.
16:16 of 1st period - Icing by Mitchell Marner.
16:17 of 1st period - Mika Zibanejad wins face-off versus Gabriel Vilardi in Pittsburgh Penguins zone.
16:20 of 1st period - Wrist shot by Matthew Boldy.
16:20 of 1st period - Goal by Matthew Boldy - Detroit Red Wings : 1 - Pittsburgh Penguins : 0.
16:21 of 1st period - Leon Draisaitl wins face-off versus Steven Stamkos in neutral zone.
16:46 of 1st period - Mika Zibanejad is hit by Dylan Guenther and loses puck.
16:57 of 1st period - Snap shot by Dylan Guenther.
16:57 of 1st period - Shot Misses the Net.
17:11 of 1st period - Snap shot by Mitchell Marner.
17:11 of 1st period - Shot Misses the Net.
17:13 of 1st period - Slapshot by Erik Gudbranson.
17:13 of 1st period - Deflect By Mitchell Marner.
17:13 of 1st period - Shot Misses the Net.
17:13 of 1st period - Puck is out of play.
17:14 of 1st period - Steven Stamkos wins face-off versus Pavel Buchnevich in Detroit Red Wings zone.
17:19 of 1st period - Slapshot by Patrick Kane.
17:19 of 1st period - Shot Misses the Net.
17:31 of 1st period - Snap shot by Pavel Buchnevich.
17:31 of 1st period - Stopped by Laurent Brossoit without a rebound.
17:32 of 1st period - Mika Zibanejad wins face-off versus Jean-Gabriel Pageau in Detroit Red Wings zone.
18:02 of 1st period - Mitchell Marner is hit by Jared McCann and loses puck.
18:19 of 1st period - Sam Reinhart is hit by Daniel Sprong and loses puck.
18:45 of 1st period - Snap shot by Gabriel Vilardi.
18:45 of 1st period - Stopped by Laurent Brossoit with a rebound.
18:47 of 1st period - Slapshot by Brock Faber.
18:47 of 1st period - Stopped by Laurent Brossoit without a rebound.
18:48 of 1st period - Mika Zibanejad wins face-off versus Gabriel Vilardi in Detroit Red Wings zone.
19:10 of 1st period - Minor Penalty to Mark Giordano for Interference.
19:11 of 1st period - Leon Draisaitl wins face-off versus Mika Zibanejad in Pittsburgh Penguins zone.
Goals for this period are 1 for Detroit Red Wings vs 0 for Pittsburgh Penguins.
Shots for this period are 14 for Detroit Red Wings vs 10 for Pittsburgh Penguins.
2nd period
0:01 of 2nd period - Mika Zibanejad wins face-off versus Leon Draisaitl in neutral zone.
0:26 of 2nd period - Brock Faber is hit by Steven Stamkos and loses puck.
1:10 of 2nd period - Penalty to Mark Giordano is over, Mark Giordano is back on ice.
2:40 of 2nd period - Wrist shot by Steven Stamkos.
2:40 of 2nd period - Shot Misses the Net.
2:54 of 2nd period - Mark Giordano is hit by Mika Zibanejad and loses puck.
3:01 of 2nd period - Snap shot by Mika Zibanejad.
3:01 of 2nd period - Stopped by Jordan Binnington with a rebound.
4:06 of 2nd period - Leon Draisaitl is hit by Jared McCann.
4:16 of 2nd period - Snap shot by Matthew Boldy.
4:16 of 2nd period - Shot Misses the Net.
6:15 of 2nd period - Snap shot by Daniel Sprong.
6:15 of 2nd period - Stopped by Jordan Binnington without a rebound.
6:16 of 2nd period - Gabriel Vilardi wins face-off versus Raphael Lavoie in Pittsburgh Penguins zone.
6:32 of 2nd period - Slapshot by Zachary Werenski.
6:32 of 2nd period - Goal by Zachary Werenski - Detroit Red Wings : 2 - Pittsburgh Penguins : 0.
6:33 of 2nd period - Phillip Danault wins face-off versus Steven Stamkos in neutral zone.
6:35 of 2nd period - Off-side.
6:36 of 2nd period - Phillip Danault wins face-off versus Steven Stamkos in neutral zone.
6:49 of 2nd period - Slapshot by Mitchell Marner.
6:49 of 2nd period - Shot Blocked by MacKenzie Weegar.
6:51 of 2nd period - Snap shot by Blake Coleman.
6:51 of 2nd period - Deflect By Steven Stamkos.
6:51 of 2nd period - Stopped by Laurent Brossoit with a rebound.
6:53 of 2nd period - Slapshot by Erik Karlsson.
6:53 of 2nd period - Deflect By Jared McCann.
6:53 of 2nd period - Stopped by Laurent Brossoit with a rebound.
7:53 of 2nd period - Wrist shot by Gabriel Vilardi.
7:53 of 2nd period - Stopped by Laurent Brossoit without a rebound.
7:54 of 2nd period - Steven Stamkos wins face-off versus Phillip Danault in Detroit Red Wings zone.
8:03 of 2nd period - Wrist shot by Mitchell Marner.
8:03 of 2nd period - Stopped by Laurent Brossoit with a rebound.
8:19 of 2nd period - Zach Bogosian is hit by Pavel Buchnevich and loses puck.
9:47 of 2nd period - Snap shot by Pavel Buchnevich.
9:47 of 2nd period - Stopped by Laurent Brossoit with a rebound.
9:49 of 2nd period - Snap shot by Pavel Buchnevich.
9:49 of 2nd period - Stopped by Laurent Brossoit with a rebound.
10:05 of 2nd period - MacKenzie Weegar is hit by Jordan Eberle and loses puck.
10:45 of 2nd period - Erik Gudbranson is hit by Keegan Kolesar and loses puck.
11:42 of 2nd period - Wrist shot by Gabriel Vilardi.
11:42 of 2nd period - Stopped by Laurent Brossoit with a rebound.
11:48 of 2nd period - Slapshot by James van Riemsdyk.
11:48 of 2nd period - Shot Misses the Net.
11:50 of 2nd period - Slapshot by Brock Faber.
11:50 of 2nd period - Stopped by Laurent Brossoit with a rebound.
12:22 of 2nd period - Wrist shot by Mika Zibanejad.
12:22 of 2nd period - Stopped by Jordan Binnington without a rebound.
12:23 of 2nd period - Dylan Guenther wins face-off versus Mika Zibanejad in Pittsburgh Penguins zone.
12:25 of 2nd period - Icing by Jordan Eberle.
12:26 of 2nd period - Mika Zibanejad wins face-off versus Dylan Guenther in Pittsburgh Penguins zone.
12:29 of 2nd period - Wrist shot by Mika Zibanejad.
12:29 of 2nd period - Stopped by Jordan Binnington with a rebound.
12:37 of 2nd period - Wrist shot by Mika Zibanejad.
12:37 of 2nd period - Stopped by Jordan Binnington without a rebound.
12:38 of 2nd period - Phillip Danault wins face-off versus Steven Stamkos in Pittsburgh Penguins zone.
13:14 of 2nd period - Minor Penalty to Mika Zibanejad for Interference.
13:15 of 2nd period - Steven Stamkos wins face-off versus Sam Reinhart in Detroit Red Wings zone.
13:41 of 2nd period - Blake Coleman is hit by Keegan Kolesar and loses puck.
13:46 of 2nd period - Slapshot by Zachary Werenski.
13:46 of 2nd period - Shot Blocked by Brock Faber.
15:14 of 2nd period - Penalty to Mika Zibanejad is over, Mika Zibanejad is back on ice.
15:23 of 2nd period - Slapshot by Mika Zibanejad.
15:23 of 2nd period - Shot Blocked by Erik Gudbranson.
15:32 of 2nd period - Minor Penalty to Dylan Guenther for Tripping.
15:33 of 2nd period - Mika Zibanejad wins face-off versus Mitchell Marner in Pittsburgh Penguins zone.
15:47 of 2nd period - Snap shot by Carter Verhaeghe.
15:47 of 2nd period - Shot Misses the Net.
15:49 of 2nd period - Wrist shot by Mika Zibanejad.
15:49 of 2nd period - Goal by Mika Zibanejad - Detroit Red Wings : 3 - Pittsburgh Penguins : 0.
15:50 of 2nd period - Steven Stamkos wins face-off versus Phillip Danault in neutral zone.
16:17 of 2nd period - Mattias Ekholm is hit by Zachary Werenski and loses puck.
17:01 of 2nd period - Off-side.
17:02 of 2nd period - Kevin Stenlund wins face-off versus Phillip Danault in neutral zone.
17:07 of 2nd period - Slapshot by Brendan Gallagher.
17:07 of 2nd period - Stopped by Jordan Binnington without a rebound.
17:08 of 2nd period - Phillip Danault wins face-off versus Kevin Stenlund in Pittsburgh Penguins zone.
17:17 of 2nd period - Snap shot by Erik Karlsson.
17:17 of 2nd period - Deflect By Blake Coleman.
17:17 of 2nd period - Shot Misses the Net.
17:17 of 2nd period - Puck is out of play.
17:18 of 2nd period - Blake Coleman wins face-off versus Steven Stamkos in Detroit Red Wings zone.
17:31 of 2nd period - Wrist shot by Phillip Danault.
17:31 of 2nd period - Shot Blocked by Jared McCann.
17:33 of 2nd period - Slapshot by Mattias Ekholm.
17:33 of 2nd period - Shot Misses the Net.
17:35 of 2nd period - Slapshot by Erik Karlsson.
17:35 of 2nd period - Stopped by Laurent Brossoit with a rebound.
17:51 of 2nd period - Snap shot by Mika Zibanejad.
17:51 of 2nd period - Shot Misses the Net.
17:55 of 2nd period - Wrist shot by Matthew Boldy.
17:55 of 2nd period - Shot Misses the Net.
17:57 of 2nd period - Wrist shot by Carter Verhaeghe.
17:57 of 2nd period - Stopped by Jordan Binnington with a rebound.
18:09 of 2nd period - Jordan Eberle is hit by Shayne Gostisbehere and loses puck.
18:14 of 2nd period - Slapshot by Daniel Sprong.
18:14 of 2nd period - Stopped by Jordan Binnington without a rebound.
18:15 of 2nd period - Phillip Danault wins face-off versus Steven Stamkos in Pittsburgh Penguins zone.
18:30 of 2nd period - Snap shot by Patrick Kane.
18:30 of 2nd period - Shot Blocked by Brock Faber.
18:47 of 2nd period - Slapshot by Daniel Sprong.
18:47 of 2nd period - Shot Misses the Net.
18:49 of 2nd period - Slapshot by Christian Fischer.
18:49 of 2nd period - Shot Blocked by Brock Faber.
18:51 of 2nd period - Wrist shot by Daniel Sprong.
18:51 of 2nd period - Shot Misses the Net.
18:53 of 2nd period - Slapshot by Zach Bogosian.
18:53 of 2nd period - Deflect By Christian Fischer.
18:53 of 2nd period - Stopped by Jordan Binnington without a rebound.
18:54 of 2nd period - Mika Zibanejad wins face-off versus Pavel Buchnevich in Pittsburgh Penguins zone.
19:10 of 2nd period - Snap shot by Mika Zibanejad.
19:10 of 2nd period - Deflect By Carter Verhaeghe.
19:10 of 2nd period - Stopped by Jordan Binnington without a rebound.
19:11 of 2nd period - Jean-Gabriel Pageau wins face-off versus Steven Stamkos in Pittsburgh Penguins zone.
19:37 of 2nd period - Minor Penalty to Sam Reinhart for Tripping.
19:38 of 2nd period - Leon Draisaitl wins face-off versus Steven Stamkos in Pittsburgh Penguins zone.
19:48 of 2nd period - Off-side.
19:49 of 2nd period - Mitchell Marner wins face-off versus Mika Zibanejad in neutral zone.
19:52 of 2nd period - Wrist shot by Brock Faber.
19:52 of 2nd period - Deflect By Carter Verhaeghe.
19:52 of 2nd period - Stopped by Laurent Brossoit with a rebound.
Goals for this period are 2 for Detroit Red Wings vs 0 for Pittsburgh Penguins.
Shots for this period are 12 for Detroit Red Wings vs 10 for Pittsburgh Penguins.
3rd period
0:01 of 3rd period - Leon Draisaitl wins face-off versus Steven Stamkos in neutral zone.
0:04 of 3rd period - Slapshot by Erik Gudbranson.
0:04 of 3rd period - Shot Blocked by Kevin Shattenkirk.
0:06 of 3rd period - Snap shot by Leon Draisaitl.
0:06 of 3rd period - Shot Misses the Net.
0:08 of 3rd period - Backhand shot by Jean-Gabriel Pageau.
0:08 of 3rd period - Goal by Jean-Gabriel Pageau - Detroit Red Wings : 3 - Pittsburgh Penguins : 1.
0:09 of 3rd period - Leon Draisaitl wins face-off versus Mika Zibanejad in neutral zone.
1:37 of 3rd period - Penalty to Sam Reinhart is over, Sam Reinhart is back on ice.
2:44 of 3rd period - Brian Dumoulin is hit by Raphael Lavoie and loses puck.
3:09 of 3rd period - Leon Draisaitl is hit by Jared McCann.
3:15 of 3rd period - Leon Draisaitl is hit by Zachary Werenski and loses puck.
5:49 of 3rd period - Mika Zibanejad is hit by James van Riemsdyk and loses puck.
5:54 of 3rd period - Wrist shot by Gabriel Vilardi.
5:54 of 3rd period - Stopped by Laurent Brossoit with a rebound.
6:07 of 3rd period - Minor Penalty to Matthew Boldy for Slashing.
6:08 of 3rd period - Kevin Stenlund wins face-off versus Phillip Danault in Detroit Red Wings zone.
7:36 of 3rd period - Mattias Ekholm is hit by Zach Bogosian and loses puck.
8:07 of 3rd period - Penalty to Matthew Boldy is over, Matthew Boldy is back on ice.
8:36 of 3rd period - Jake Neighbours is hit by Mika Zibanejad.
9:16 of 3rd period - Off-side.
9:17 of 3rd period - Jean-Gabriel Pageau wins face-off versus Keegan Kolesar in neutral zone.
10:26 of 3rd period - Slapshot by Gabriel Vilardi.
10:26 of 3rd period - Stopped by Laurent Brossoit without a rebound.
10:27 of 3rd period - Jared McCann wins face-off versus Gabriel Vilardi in Detroit Red Wings zone.
10:27 of 3rd period - Jared McCann is hit by James van Riemsdyk.
10:52 of 3rd period - Pavel Buchnevich is hit by Carter Verhaeghe and loses puck.
11:01 of 3rd period - Wrist shot by Sam Reinhart.
11:01 of 3rd period - Stopped by Laurent Brossoit without a rebound.
11:02 of 3rd period - Steven Stamkos wins face-off versus Phillip Danault in Detroit Red Wings zone.
11:16 of 3rd period - Off-side.
11:17 of 3rd period - Mika Zibanejad wins face-off versus Leon Draisaitl in neutral zone.
11:32 of 3rd period - Zachary Werenski is hit by Leon Draisaitl and loses puck.
11:45 of 3rd period - Snap shot by Leon Draisaitl.
11:45 of 3rd period - Deflect By Phillip Danault.
11:45 of 3rd period - Goal by Phillip Danault - Detroit Red Wings : 3 - Pittsburgh Penguins : 2.
11:46 of 3rd period - Phillip Danault wins face-off versus Mika Zibanejad in neutral zone.
11:55 of 3rd period - Wrist shot by Phillip Danault.
11:55 of 3rd period - Stopped by Laurent Brossoit with a rebound.
12:17 of 3rd period - Jared McCann is hit by Leon Draisaitl and loses puck.
12:44 of 3rd period - Snap shot by Brock Faber.
12:44 of 3rd period - Shot Blocked by Christian Fischer.
12:59 of 3rd period - Off-side.
13:00 of 3rd period - Kevin Stenlund wins face-off versus Gabriel Vilardi in neutral zone.
13:03 of 3rd period - Slapshot by Shayne Gostisbehere.
13:03 of 3rd period - Deflect By Brendan Gallagher.
13:03 of 3rd period - Shot Blocked by Gabriel Vilardi.
13:03 of 3rd period - Puck is out of play.
13:04 of 3rd period - Gabriel Vilardi wins face-off versus Mika Zibanejad in Pittsburgh Penguins zone.
13:21 of 3rd period - Mattias Ekholm is hit by Mika Zibanejad and loses puck.
13:57 of 3rd period - Backhand shot by Zachary Werenski.
13:57 of 3rd period - Shot Misses the Net.
14:02 of 3rd period - Minor Penalty to Blake Coleman for High sticking.
14:03 of 3rd period - Steven Stamkos wins face-off versus Leon Draisaitl in Pittsburgh Penguins zone.
14:05 of 3rd period - Snap shot by Steven Stamkos.
14:05 of 3rd period - Goal by Steven Stamkos - Detroit Red Wings : 4 - Pittsburgh Penguins : 2.
14:06 of 3rd period - Phillip Danault wins face-off versus Patrick Kane in neutral zone.
14:10 of 3rd period - Snap shot by Phillip Danault.
14:10 of 3rd period - Stopped by Laurent Brossoit without a rebound.
14:11 of 3rd period - Phillip Danault wins face-off versus Steven Stamkos in Detroit Red Wings zone.
14:18 of 3rd period - Snap shot by Phillip Danault.
14:18 of 3rd period - Stopped by Laurent Brossoit with a rebound.
14:20 of 3rd period - Snap shot by Blake Coleman.
14:20 of 3rd period - Shot Misses the Net.
14:28 of 3rd period - Snap shot by Mitchell Marner.
14:28 of 3rd period - Shot Misses the Net.
14:37 of 3rd period - Off-side.
14:38 of 3rd period - Leon Draisaitl wins face-off versus Mika Zibanejad in neutral zone.
14:42 of 3rd period - Slapshot by Mattias Ekholm.
14:42 of 3rd period - Shot Blocked by Matthew Boldy.
14:44 of 3rd period - Wrist shot by Leon Draisaitl.
14:44 of 3rd period - Stopped by Laurent Brossoit without a rebound.
14:45 of 3rd period - Mika Zibanejad wins face-off versus Leon Draisaitl in Detroit Red Wings zone.
15:14 of 3rd period - Shayne Gostisbehere is hit by Mattias Ekholm and loses puck.
15:17 of 3rd period - Slapshot by Jared McCann.
15:17 of 3rd period - Shot Misses the Net.
16:30 of 3rd period - Brian Dumoulin is hit by Zach Bogosian and loses puck.
16:49 of 3rd period - Slapshot by Shayne Gostisbehere.
16:49 of 3rd period - Shot Misses the Net.
17:59 of 3rd period - Snap shot by Leon Draisaitl.
17:59 of 3rd period - Shot Misses the Net.
18:01 of 3rd period - Wrist shot by Pavel Buchnevich.
18:01 of 3rd period - Shot Misses the Net.
18:03 of 3rd period - Snap shot by Pavel Buchnevich.
18:03 of 3rd period - Stopped by Laurent Brossoit with a rebound.
18:05 of 3rd period - Backhand shot by Leon Draisaitl.
18:05 of 3rd period - Stopped by Laurent Brossoit with a rebound.
18:09 of 3rd period - Slapshot by Leon Draisaitl.
18:09 of 3rd period - Shot Blocked by Steven Stamkos.
18:11 of 3rd period - Slapshot by Sam Reinhart.
18:11 of 3rd period - Deflect By Leon Draisaitl.
18:11 of 3rd period - Shot Misses the Net.
18:11 of 3rd period - Puck is out of play.
18:12 of 3rd period - Jean-Gabriel Pageau wins face-off versus Raphael Lavoie in Detroit Red Wings zone.
Goals for this period are 1 for Detroit Red Wings vs 2 for Pittsburgh Penguins.
Shots for this period are 1 for Detroit Red Wings vs 11 for Pittsburgh Penguins.
Back to the Top